 Dungeon Crawl Stone Soup version 0.19-a0-1732-g0b18a7b (webtiles) character file.

210 4thArraOfDagon the Sneak (level 5, 0/27 HPs)
             Began as a Spriggan Monk on Sept 30, 2016.
             Shot with an arrow by a centaur (16 damage)
             ... on level 5 of the Dungeon.
             The game lasted 00:03:18 (540 turns).

4thArraOfDagon the Sneak (Spriggan Monk)             Turns: 540, Time: 00:03:19

Health: 0/27       AC:  3    Str:  7    XL:     5   Next: 57%
Magic:  6/6        EV: 22    Int: 12    God:
Gold:   90         SH:  0    Dex: 19    Spells: 0 memorised, 4 levels left

rFire  . . .     SeeInvis +     a - +0 short sword
rCold  . . .     Gourm    .     b - +0 robe
rNeg   . . .     Faith    .     (shield restricted)
rPois  .         Spirit   .     (helmet restricted)
rElec  .         Dismiss  .     d - +0 cloak
rCorr  .         Reflect  .     (gloves unavailable)
MR     .....     Harm     .     (boots unavailable)
Stlth  ++++......               (no amulet)
                                (no ring)
                                (no ring)

@: very quick
A: unfitting armour, see invisible, herbivore 3, speed 3, slow metabolism 2
a: no special abilities


You were on level 5 of the Dungeon.
You were not hungry.

You visited 1 branch of the dungeon, and saw 5 of its levels.

You collected 90 gold pieces.

Inventory:

Hand Weapons
 a - a +0 short sword (weapon)
Armour
 b - a +0 robe (worn)
 d - a +0 cloak (worn)
Scrolls
 e - a scroll of remove curse {unknown}
Comestibles
 c - 2 bread rations


   Skills:
 - Level 2.4 Fighting
 * Level 5.0 Short Blades
 + Level 5.7 Dodging
 * Level 6.1 Stealth


You had 4 spell levels left.
You didn't know any spells.

Dungeon Overview and Level Annotations

Branches:
Dungeon (5/15)
 Temple: D:4-7

Altars:
Trog
Yredelemnul


Innate Abilities, Weirdness & Mutations

You are very small and have problems with some larger weapons.
You are too small for most types of armour.
You have supernaturally acute eyesight. (SInv)
You are a herbivore.
You cover ground extremely quickly.
You need consume almost no food.


Message History

Found a bloodstained altar of Trog.
The centaur zombie barely misses you.
Unknown command.
There is an empty arch of ancient stone here.
There is an empty arch of ancient stone here.
Found a basalt altar of Yredelemnul.
The centaur zombie misses you. The centaur zombie hits you.
The centaur zombie misses you.
There is an empty arch of ancient stone here.
There is an empty arch of ancient stone here.
You see here 17 gold pieces.
You now have 90 gold pieces (gained 17).
The centaur zombie barely misses you.
The centaur shouts!
You see here a scroll labeled SEERYP GEUH.
e - a scroll labeled SEERYP GEUH The centaur wields a shortbow.
The centaur shoots an arrow.
The arrow hits you!
Ouch! That really hurt!
You die...

#_.♣..∩.∩..♣._###..#
##...##.##...##....######
##8##♣.♣##8##...........
######∩# ########.#.....
#...#..###..........###.
#........#.######.### #.
#.#...####.#.######.# ##.
#.......Z............ ....
#########@...##########...
#.......# #### #.#####.#
#. .# #. # .c .. #..


You could see a centaur and a centaur zombie.

Vanquished Creatures
  2 centaurs (D:5)
  2 iguanas (D:5)
  A leopard gecko (D:5)
  A frilled lizard (D:3)
  A quokka skeleton (D:5)
  A rat (D:4)
8 creatures vanquished.

Notes
Turn   | Place    | Note
-------+----------+-------------------------------------------
     0 | D:1      | 4thArraOfDagon the Spriggan Monk began the quest for the Orb.
     0 | D:1      | Reached XP level 1. HP: 11/11 MP: 2/2
    37 | D:1      | You fall through a shaft!
   170 | D:4      | Noticed a worker ant
   185 | D:4      | Noticed an iguana
   245 | D:5      | Entered Level 5 of the Dungeon
   246 | D:5      | Noticed an iguana
   269 | D:5      | Killed an iguana
   269 | D:5      | Reached skill level 4 in Stealth
   269 | D:5      | Reached XP level 2. HP: 16/16 MP: 3/3
   308 | D:5      | Noticed a centaur
   323 | D:5      | Killed a centaur
   323 | D:5      | Reached skill level 5 in Dodging
   323 | D:5      | Reached skill level 5 in Stealth
   323 | D:5      | Reached XP level 3. HP: 17/19 MP: 4/4
   323 | D:5      | Reached XP level 4. HP: 20/23 MP: 5/5
   388 | D:5      | Noticed a centaur
   396 | D:5      | Killed a centaur
   396 | D:5      | Reached XP level 5. HP: 13/27 MP: 6/6
   472 | D:5      | Reached skill level 5 in Short Blades
   472 | D:5      | Reached skill level 6 in Stealth
   494 | D:5      | Noticed a centaur
   505 | D:5      | Found a bloodstained altar of Trog.
   514 | D:5      | Found a basalt altar of Yredelemnul.
   540 | D:5      | Shot with an arrow by a centaur

Vault maps used:
D:1:      ncdulo_smallfort
D:2:      makhleb_blood_cavern_becter, nicolae_dithmenos_through_a_glass_darkly
D:3:      xom_butterflies, first_bread
D:4:      minmay_wonky_spiral, grunt_temple_overflow_open, kennysheep_mini
D:5:      amethyst_overflow_temple_binary, basic_altar

Skill      XL: |  1  2  3  4  5 |
---------------+----------------+-----
Stealth        | 4 5 6 |  6.1
Short Blades   | 4 5 |  5.0
Dodging        | 5 |  5.7
Fighting       | |  2.4

Action                   |  1- 3 |  4- 6 || total
-------------------------+-------+-------++-------
Melee: Short sword       |    24 |     5 ||    29
  Use: Potion            |     2 |       ||     2
       Scroll            |       |     4 ||     4
 Stab: Sleeping          |     2 |     3 ||     5
Armor: Robe              |     4 |     2 ||     6
Dodge: Dodged            |    26 |     9 ||    35
